 Dungeon Crawl Stone Soup version 0.26-a0-851-g735459dd53 (console) character file.

Game seed: 5265064138885585027

(classic levelgen) 1 Duffy the Sneak (level 1, 0/15 HPs)
             Began as a Naga Fire Elementalist on Nov 21, 2020.
             Slain by a hobgoblin
             ... wielding a +0 club
              (3 damage)
             ... on level 1 of the Dungeon.
             The game lasted 00:00:06 (21 turns).

Duffy the Sneak (Naga Fire Elementalist)              Turns: 21, Time: 00:00:07

Health: 0/15       AC:  1    Str: 10    XL:     1   Next: 20%
Magic:  2/3        EV: 10    Int: 15    God:
Gold:   0          SH:  0    Dex: 11    Spells: 3/4 levels left

rFire    . . .     SeeInvis +   (no weapon)
rCold    . . .     Faith    .   (no shield)
rNeg     . . .     Spirit   .   a - +0 robe
rPois    +         Reflect  .   (no helmet)
rElec    .         Harm     .   (no cloak)
rCorr    .         Rampage  .   (no gloves)
MR       .....                  (no barding)
Stlth    ++........             (no amulet)
HPRegen  0.05/turn              (no ring)
MPRegen  0.08/turn              (no ring)

@: short of breath, flying, very slow
A: large, see invisible, deformed body, poison resistance, slowness 2, spit
poison 1, AC +0
a: Spit Poison


You were on level 1 of the Dungeon.
You visited 1 branch of the dungeon, and saw 1 of its levels.

Inventory:

Armour
 a - a +0 robe (worn)


   Skills:
 - Level 1.5 Dodging
 - Level 3.0 Stealth
 - Level 2.0 Spellcasting
 + Level 1.2 Conjurations
 - Level 3.0 Fire Magic


You had 3 spell levels left.
You knew the following spells:

 Your Spells              Type           Power        Failure   Level
h - Foxfire               Conj/Fire      #...         10%         1

Your spell library contained the following spells:

 Spells                   Type           Power        Failure   Level
 Conjure Flame            Conj/Fire      #.......     28%         3
 Inner Flame              Hex/Fire       #.......     34%         3
 Sticky Flame             Conj/Fire      #.......     67%         4
 Fireball                 Conj/Fire      #.........   95%         5


Dungeon Overview and Level Annotations

Branches:
Dungeon (1/15)

Altars:


Innate Abilities, Weirdness & Mutations

You cannot wear boots.
Your serpentine skin is tough. (AC +0)
You have supernaturally acute eyesight. (SInv)
Armour fits poorly on your strangely shaped body.
Your system is resistant to poisons. (rPois)
You cover ground very slowly.
You can spit poison.


Message History

You conjure some foxfire!
A hobgoblin comes into view. It is wielding a +0 club.
The kobold barely misses you.
Unknown command.
The foxfire hits the kobold.
The kobold is heavily wounded.
The foxfire hits the kobold but does no damage.
The dart slug launches a dart at you. The slug dart hits you.
* * * LOW HITPOINT WARNING * * *
There is an open door, spattered with blood here.
The kobold hits you but does no damage.
Press: ? - help, Shift-Dir - straight line, f - kobold
Aim: a kobold, wielding a +0 dagger The splash of poison hits the kobold!
The kobold is poisoned.
You kill the kobold!
It was a potion of flight.
You feel very buoyant.
You fly up into the air.
The hobgoblin hits you with a +0 club.
You die...

... #....#
...##....###
#.........#
#....g(...#
#.........#
#..w......#
#....gK...#
#####g#.###
#@#.# ####.#.#
#...(#.#
##.##.#.# #
#...#+#+###
7.7..#.........#
.PPP.#.........#
.P.PP#.#.......#
.P.PP#.#.......#


You could see a dart slug, 3 hobgoblins and a kobold.

Vanquished Creatures
  A kobold (D:1)
1 creature vanquished.

Vanquished Creatures (others)
  2 foxfires (D:1)
2 creatures vanquished.

Grand Total: 3 creatures vanquished

Notes
Turn   | Place    | Note
-------+----------+-------------------------------------------
     0 | D:1      | Duffy the Naga Fire Elementalist began the quest for the
                  | Orb.
     0 | D:1      | Reached XP level 1. HP: 15/15 MP: 3/3
    21 | D:1      | Slain by a hobgoblin

Illustrated notes

Levels and vault maps discovered:
D:1:      minmay_arrival_arboretum_small, layout_basic, nrook_loot_triangle,
          okawaru_ov_weapons_minmay

Action                   || total
-------------------------++-------
 Cast: Foxfire           ||     1
 Abil: Spit Poison       ||     1
  Use: Potion            ||     1
Dodge: Dodged            ||     2

Table legend: (Time is in decaauts)
 A = Elapsed time spent in this place.
 B = Non-inter-level travel time spent in this place.
 C = Inter-level travel time spent in this place.
 D = Time resting spent in this place.
 E = Time spent auto-exploring this place.
 F = Levels seen in this place.
 G = Mean time per level.
                   A        B        C        D        E       F      G
               +--------+--------+--------+--------+--------+-----+--------+
         Total |     27 |     27 |      0 |      0 |     18 |   1 |   27.0 |
       Dungeon |     27 |     27 |      0 |      0 |     18 |   1 |   27.0 |
               +--------+--------+--------+--------+--------+-----+--------+

Top non-repeatable levels by time:
     D:1: 27 daAuts
